AoeStats
← TheQuietRiot

Arabia

510383461Analyzed
1v1 RM · 7h ago on Sep 30, 2026· 49m 36s· 2 players
Game mode
Random Map
Map size
Tiny (2 player)
Population
200
Speed
Normal
Resources
Standard
Victory
Conquest
Starting age
Dark Age
Ending age
Imperial Age
RankedLock teamsTeams togetherTeam positionsShared explorationLock speedFull tech treeHidden civsTurbo modeCheats
Victory
Defeat
🇬🇧 Saxons · United Kingdom
1035
+17
🇨🇴 Turks · Colombia
1053
-17
TheQuietRiot
10:32 Feudal Age
9:38 Loom
11:02 Double-Bit Axe
20:58 Castle Age
19:22 Padded Archer Armor
19:14 Fletching
19:25 Padded Archer Armor
23:38 Crossbowman
25:20 Bodkin Arrow
29:43 Gold Mining
31:41 Wheelbarrow
34:07 Forging
33:58 Scale Mail Armor
34:36 Bow Saw
35:06 Horse Collar
37:03 Squires
36:56 Gambesons
39:02 Heavy Plow
44:05 Imperial Age
42:14 Iron Casting
42:40 Gold Shaft Mining
41:59 Stone Mining
43:03 Arson
45:32 Conscription
44:38 Elite Hearth Troop
44:44 Elite Hearth Troop
45:52 Chain Mail Armor
46:52 Two-Man Saw
45:23 Capped Ram
45:30 Shield Wall
46:40 Siege Ram
camts9382
6:02 Loom
10:23 Feudal Age
11:59 Man-at-Arms
12:38 Arson
13:50 Town Watch
16:17 Double-Bit Axe
17:10 Wheelbarrow
18:30 Fletching
19:05 Padded Archer Armor
24:41 Castle Age
22:53 Horse Collar
25:24 Bodkin Arrow
25:45 Leather Archer Armor
24:53 Crossbowman
26:52 Bow Saw
29:24 Ballistics
31:07 Thumb Ring
33:43 Stone Mining
35:15 Bloodlines
35:12 Scale Barding Armor
35:18 Forging
37:04 Husbandry
37:27 Chain Barding Armor
39:30 Iron Casting
42:21 Imperial Age
41:26 Murder Holes
45:48 Gold Mining
47:05 Heavy Plow
48:11 Bracer
48:12 Town Patrol
49:12 Plate Barding Armor
Connection lost

Rejoining the realm…

Still unreachable

The connection could not be restored.

Session expired

The server has moved on; the page needs a fresh start.